 Seeded DCSS version 0.30-b1-7-gcb88a99046 (webtiles) character file.

Game seed: 1973 (custom seed)

149 Kazon the Conjurer (level 5, -1/78 HPs)
             Began as a Troll Conjurer on May 5, 2023.
             Slain by a wyvern zombie (3 damage)
             ... in an ossuary.
             The game lasted 00:09:58 (2191 turns).

Kazon the Conjurer (Troll Conjurer)                 Turns: 2191, Time: 00:09:58

Health: -1/78      AC: 22    Str: 14 (15) XL:     5   Next: 9%
Magic:  4/6        EV:  1    Int: 18 (20) God:
Gold:   94         SH:  0    Dex:  7 (10) Spells: 2/6 levels left

rFire   . .          .
                       - Unarmed
rCold   . . .        (no shield)
rNeg    . . .        a - melded +0 robe
rPois   +            (helmet currently unavailable)
rElec   .            (cloak currently unavailable)
rCorr   .            (gloves unavailable)
SInv    +            (boots unavailable)
Will    .....        (no amulet)
Stlth   +            r - +6 ring of intelligence
HPRegen 1.13/turn    (no ring)
MPRegen 0.10/turn

%: no passive effects
@: tree-form
A: stationary, stasis, torment immunity, boosted hp, large, unfitting armour,
(claws 3), regeneration 1, (shaggy fur 1), (tough skin 1), (horns 1), see
invisible, (deformed body), robust 1
a: no special abilities


You were in an ossuary.
You were a tree.
You visited 1 branch of the dungeon, and saw 4 of its levels.
You also visited: Ossuary.

You collected 94 gold pieces.

Inventory:

Missiles
 h - 10 stones (quivered)
 i - 4 large rocks
 j - 6 boomerangs
Armour
 a - a +0 robe (melded)
Jewellery
 r - a +6 ring of intelligence (left branch)
Scrolls
 d - 3 scrolls of teleportation {unknown}
 f - 5 scrolls of identify {unknown}
 g - a scroll of immolation {unknown}
 k - a scroll of amnesia {unknown}
 l - a scroll of poison {unknown}
 m - a scroll of blinking {unknown}
 o - a scroll of vulnerability {unknown}
 p - a scroll of silence {unknown}
Potions
 b - 3 potions of magic
 c - a potion of curing
 s - a potion of heal wounds {unknown}


   Skills:
 * Level 1.0 Fighting
 * Level 1.1 Throwing
 + Level 2.0 Dodging
 + Level 1.3 Stealth
 + Level 2.3 Unarmed Combat
 + Level 1.4 Spellcasting
 + Level 3.4 Conjurations


You had 2 spell levels left.
You knew the following spells:

 Your Spells              Type           Power      Damage    Failure   Level
a - Magic Dart            Conj           52%        1d5       4%          1
b - Searing Ray           Conj           26%        2d5       7%          2
c - Beastly Appendage     Tmut           2%         N/A       19%         1

Your spell library contained the following spells:

 Spells                   Type           Power      Damage    Failure   Level
 Cigotuvi's Dreadful Rot  Necr/Pois/Air  2%         N/A       28%         2
 Wereblood                Tmut           1%         N/A       28%         2
 Dazzling Flash           Conj/Hex       14%        N/A       28%         3
 Ignite Poison            Fire/Tmut/Pois 1%         N/A       50%         3
 Spider Form              Tmut/Pois      1%         N/A       50%         3
 Fulminant Prism          Conj/Hex       3%         3d5       67%         4
 Iskenderun's Mystic Bla  Conj/Tloc      7%         2d4       67%         4
 Anguish                  Hex/Necr       0%         N/A       88%         4
 Cause Fear               Hex            0%         N/A       88%         4
 Freezing Cloud           Conj/Ice/Air   2%         6-21      97%         5
 Enfeeble                 Hex            0%         N/A       100%        7


Dungeon Overview and Level Annotations

Branches:
Dungeon (4/15)            Ossuary (1/1)
 Temple: D:4-7

Altars:


Innate Abilities, Weirdness & Mutations

You are a tree.
Your roots penetrate the ground, keeping you stationary.
You cannot be teleported.
You are immune to unholy pain and torment.
Your maximum health is greatly increased.
Your equipment is partially melded.
You are too large for most types of armour.
((You have claws for hands.))
Your natural rate of healing is unusually fast.
((You are covered in fur. (AC +1)))
((You have tough skin. (AC +1)))
((You have a pair of small horns on your head.))
You have supernaturally acute eyesight. (SInv)
((Armour fits poorly on your strangely shaped body.))
You are robust. (+10% HP)


Message History

You barely miss the wyvern zombie.
The wyvern zombie is moderately damaged.
The wyvern zombie bites you.
You barely miss the wyvern zombie.
The wyvern zombie is moderately damaged.
The wyvern zombie barely misses you.
A howler monkey zombie comes into view.
The wyvern zombie bites you!
There is an open door, spattered with blood here.
The wyvern zombie attacks as you move away!
The wyvern zombie misses you.
You scratch the wyvern zombie but do no damage.
The wyvern zombie is moderately damaged.
The wyvern zombie bites you!
* * * LOW HITPOINT WARNING * * *
Unknown command.
It was a potion of curing.
You feel better. The wyvern zombie bites you.
* * * LOW HITPOINT WARNING * * *
It was a potion of mutation.
You feel extremely strange.
Your body twists and deforms.
A pair of horns grows on your head!
Your vision sharpens.
You feel robust. The wyvern zombie barely misses you. x2
You scratch the wyvern zombie.
The wyvern zombie is moderately damaged.
The wyvern zombie bites you!
* * * LOW HITPOINT WARNING * * *
It was a potion of degeneration.
There was something very wrong with that liquid.
You feel weakened.
You feel dopey.
You feel clumsy. The wyvern zombie bites you.
* * * LOW HITPOINT WARNING * * *
It was a potion of lignification.
You turn into a tree.
Your +0 robe melds into your body.
Your roots penetrate the ground.
The wyvern zombie bites you.
* * * LOW HITPOINT WARNING * * *
The wyvern zombie bites you but does no damage.
You smack the wyvern zombie!
The wyvern zombie is heavily damaged.
The wyvern zombie bites you.
You die...

# .#
###+#'#'#+#
#.'....Z..Z
####.#####
#~♣ZZ#...#
#≈###~'.∩.#
###P~~#..∩#
#≈~~.#####
#~P~.+
≈≈###.# ≈##
+~# #~+ .~


You could see a water moccasin zombie and a wyvern zombie.

Vanquished Creatures
  A centaur zombie (Ossuary)
  3 mummies (Ossuary)
  2 adders (D:2)
  2 dart slugs (D:1)
  4 orcs (D:3)
  3 ball pythons
  3 bats
  2 endoplasms
  5 giant cockroaches (D:1)
  7 hobgoblins
  6 jackals
  6 frilled lizards
  3 goblins
  2 kobolds (D:1)
  3 rats
52 creatures vanquished.

Vanquished Creatures (others)
  2 withered plants (Ossuary)
2 creatures vanquished.

Grand Total: 54 creatures vanquished

Notes
Turn   | Place    | Note
-------+----------+-------------------------------------------
     0 | D:1      | Kazon the Troll Conjurer began the quest for the Orb.
     0 | D:1      | Reached XP level 1. HP: 16/16 MP: 1/1
    87 | D:1      | Reached skill level 3 in Conjurations
   305 | D:1      | Reached XP level 2. HP: 21/24 MP: 2/2
   661 | D:1      | Reached XP level 3. HP: 31/31 MP: 3/3
   901 | D:2      | Reached skill level 1 in Unarmed Combat
  1142 | D:2      | Learned a level 2 spell: Searing Ray
  1144 | D:2      | Learned a level 1 spell: Beastly Appendage
  1402 | D:3      | Reached XP level 4. HP: 40/40 MP: 0/5
  2071 | D:4      | Found a sand-covered staircase.
  2092 | Ossuary  | Entered an ossuary
  2174 | Ossuary  | Reached skill level 1 in Fighting
  2174 | Ossuary  | Reached skill level 1 in Throwing
  2174 | Ossuary  | Reached XP level 5. HP: 43/48 MP: 2/6
  2187 | Ossuary  | Gained mutation: Armour fits poorly on your strangely
                  | shaped body. [potion of mutation]
  2187 | Ossuary  | Gained mutation: You have a pair of small horns on your
                  | head. [potion of mutation]
  2187 | Ossuary  | Gained mutation: You have supernaturally acute eyesight.
                  | (SInv) [potion of mutation]
  2187 | Ossuary  | Gained mutation: You are robust. (+10% HP) [potion of
                  | mutation]
  2190 | Ossuary  | HP: 1/78 [wyvern zombie (6)]
  2191 | Ossuary  | Slain by a wyvern zombie

Illustrated notes

Levels and vault maps discovered:
D:1:      co_arrival_random_square_maze, layout_loops_ring
D:2:      layout_basic
D:3:      layout_basic
D:4:      layout_basic, fiery_altar_vehumet, minmay_temple_entry_poolview,
          nicolae_ossuary_entry_false_entrances, uniq_edmund
Ossuary:  ossuary_zaba_flooded

Skill      XL: |  1  2  3  4 |
---------------+-------------+-----
Conjurations   | 3 |  3.4
Unarmed Combat | 1 2 |  2.3
Fighting       | 1 |  1.0
Throwing       | 1 |  1.1
Dodging        | 2 |  2.0
Stealth        | |  1.3
Spellcasting   | |  1.4

Action                     |  1- 3 |  4- 6 || total
---------------------------+-------+-------++-------
  Melee: Unarmed           |   115 |    49 ||   164
         Punch             |     2 |     1 ||     3
         Kick              |     2 |     6 ||     8
         Headbutt          |       |     2 ||     2
  Throw: Stone             |    26 |     9 ||    35
   Cast: Magic Dart        |    20 |     2 ||    22
         Beastly Appendage |     2 |     3 ||     5
         Searing Ray       |     1 |       ||     1
    Use: Potion            |       |     4 ||     4
   Stab: Sleeping          |     6 |       ||     6
 Armour: Robe              |    35 |    11 ||    46
         Skin              |       |     1 ||     1
  Dodge: Dodged            |    50 |    21 ||    71
